Map: Purity and Industry LE

Players

Goblinbiddin - Winner!

  • Race: Protoss Protoss
  • League: Platinum
  • Spawn Location: 3:00

Psyborrg

  • Race: Terran Terran
  • League: Platinum
  • Spawn Location: 12:00

VOD

Have the link to the VOD?

Description

Time

  • Played on: May 9, 2020, 12:55 p.m.
  • Length: 14:24
Show
View Real Time Build Order
Export as new Build Order

Goblinbiddin Protoss - Winner!

Build Orders:  

Get SALT Encoding   

  12  0:01  Probe (Chrono Boost)  
  13  0:10  Probe (Chrono Boost)  
  14  0:18  Pylon  
  14  0:22  Probe  
  15  0:37  Probe  
  16  0:43  Gateway  
  16  0:49  Probe  
  17  1:00  Assimilator  
  17  1:01  Probe  
  18  1:13  Probe  
  19  1:25  Probe  
  20  1:28  Pylon  
  20  1:32  Cybernetics Core  
  20  1:37  Probe  
  21  1:54  Nexus  
  21  2:00  Pylon  
  21  2:06  Probe  
  22  2:11  Warp Gate (Chrono Boost), Stalker  
  24  2:20  Probe  
  25  2:23  Assimilator  
  25  2:32  Probe  
  26  2:41  Stalker  
  28  2:58  Probe  
  29  3:03  Twilight Council  
  29  3:09  Forge  
  29  3:10  Probe  
  30  3:13  Robotics Facility  
  30  3:15  Probe  
  31  3:22  Probe  
  32  3:27  Probe  
  33  3:36  Probe  
  33  3:39  Probe  
  35  3:41  Protoss Ground Weapons Level 1  
  35  3:44  Pylon  
  35  3:49  Probe  
  35  3:51  Probe  
  35  3:53  Gateway  
  37  4:01  Probe  
  39  4:03  Probe, Observer (Chrono Boost)  
  39  4:04  Blink (Chrono Boost)  
  39  4:09  Assimilator  
  40  4:13  Probe  
  40  4:15  Probe  
  42  4:25  Probe  
  43  4:33  Gateway  
  43  4:35  Gateway  
  43  4:36  Pylon  
  43  4:42  Gateway  
  43  4:52  Gateway, Warp Prism  
  45  5:10  Probe  
  45  5:12  Probe  
  46  5:17  Stalker  
  46  5:18  Stalker  
  50  5:22  Probe  
  50  5:24  Probe  
  52  5:29  Observer  
  52  5:34  Probe  
  52  5:35  Photon Cannon  
  54  5:36  Probe  
  54  5:38  Photon Cannon  
  54  5:40  Stalker x3  
  61  5:43  Charge  
  61  5:50  Protoss Ground Weapons Level 2  
  61  5:55  Observer  
  62  5:57  Zealot x2  
  66  6:31  Nexus  
  66  6:32  Pylon  
  66  6:35  Pylon  
  66  6:36  Stalker x2  
  66  6:37  Pylon  
  70  6:50  Stalker x3  
  70  6:51  Stalker  
  78  6:59  Templar Archives  
  78  7:12  Nexus  
  78  7:15  Pylon  
  78  7:17  Pylon  
  78  7:22  Stalker x3  
  84  7:33  Psionic Storm  
  84  7:38  Probe  
  84  7:39  Probe, Assimilator  
  86  7:50  Probe  
  86  7:51  Probe  
  88  8:03  Photon Cannon  
  88  8:05  Shield Battery  
  88  8:15  Probe x2 (Chrono Boost)  
  88  8:16  Probe (Chrono Boost)  
  91  8:25  Probe x3 (Chrono Boost), Gateway  
  94  8:28  Gateway  
  94  8:30  Probe x3 (Chrono Boost), Gateway  
  94  8:33  Gateway  
  97  8:37  Gateway  
  97  8:39  Probe, Gateway  
  97  8:40  Probe  
  97  8:41  Probe x2  
  101  8:51  Probe  
  101  8:53  Probe x3, Assimilator  
  101  8:55  Assimilator  
  105  8:57  High Templar x4  
  113  9:03  Probe, Protoss Ground Weapons Level 3 (Chrono Boost)  
  113  9:05  Observer  
  115  9:21  High Templar, Zealot x2  
  121  9:27  Observer  
  122  9:41  High Templar  
  122  9:42  Zealot x3  
  122  9:43  Zealot x5  
  140  10:01  Pylon  
  140  10:02  Pylon  
  140  10:05  Observer, Pylon  
  135  10:07  Pylon  
  135  10:12  High Templar x2  
  139  10:18  Probe  
  134  11:07  High Templar x4  
  134  11:08  Zealot x5  
  134  11:09  Zealot x3  
  134  11:33  High Templar x2  
  134  11:34  Zealot x2  
  134  11:35  Zealot x4  
  109  11:48  Stalker x3  
  109  11:49  Zealot  
  109  11:53  Archon x2  
  117  11:55  Archon  
  117  11:58  Zealot x3  
  117  11:59  Zealot x3  
  129  12:09  Gateway  
  129  12:11  Gateway  
  129  12:29  Nexus, Pylon  
  129  12:31  Stalker x2, Pylon  
  129  12:32  Stalker x6, Pylon  
  129  12:35  Zealot x4  
  103  13:12  Stalker x5  
  101  13:13  Stalker x4  
  101  13:14  Zealot  
  101  13:15  Zealot x4  
  119  13:26  Observer  
  120  13:35  Gateway  
  120  13:37  Gateway  
  120  13:38  Gateway  
  120  13:40  Gateway  
  116  13:58  Stalker x3  
  116  13:59  Stalker x6  
  116  14:00  Stalker  
  116  14:01  Zealot x4  
Show
View Real Time Build Order
Export as new Build Order

Psyborrg Terran 

Build Orders:  

Get SALT Encoding   

  12  0:01  SCV  
  13  0:13  SCV  
  14  0:21  Supply Depot  
  14  0:25  SCV  
  16  0:42  SCV  
  16  0:45  Barracks  
  16  0:51  Refinery  
  16  0:55  SCV  
  17  1:07  SCV  
  18  1:26  Command Center  
  18  1:29  SCV  
  19  1:39  Engineering Bay  
  19  1:49  Orbital Command  
  19  2:14  Supply Depot  
  19  2:16  SCV  
  20  2:24  Barracks Reactor  
  20  2:29  SCV  
  21  2:40  SCV  
  22  2:45  Refinery  
  21  2:54  Factory  
  21  2:57  Orbital Command  
  21  2:58  SCV  
  22  3:01  Marine  
  22  3:02  Marine  
  24  3:05  Supply Depot  
  24  3:10  SCV  
  25  3:19  Marine x2  
  26  3:22  SCV  
  28  3:28  Terran Infantry Weapons Level 1  
  28  3:34  SCV  
  28  3:37  Marine x2  
  28  3:39  Barracks  
  31  3:47  Barracks  
  31  3:49  Factory Tech Lab  
  31  3:51  SCV x2  
  33  4:03  SCV  
  33  4:04  SCV  
  35  4:13  Siege Tank  
  38  4:20  Supply Depot  
  38  4:24  SCV x2  
  40  4:36  SCV x2  
  42  4:44  Command Center  
  42  4:49  Barracks Tech Lab  
  42  4:50  Barracks Reactor  
  42  4:55  SCV x2  
  44  5:07  SCV x2  
  46  5:17  Command Center, Marine x3  
  49  5:22  Terran Infantry Armor Level 1  
  49  5:28  Armory  
  49  5:35  Refinery, Marine x2  
  51  5:36  Marauder  
  53  5:42  Refinery  
  53  5:44  SCV x2  
  55  5:50  Marine x2  
  55  5:53  Marine x2  
  55  5:56  SCV  
  60  5:59  Planetary Fortress  
  60  6:00  Supply Depot  
  60  6:10  SCV  
  60  6:11  SCV  
  62  6:17  Command Center  
  62  6:23  SCV x2  
  62  6:25  Supply Depot  
  64  6:32  Marine x4  
  65  6:33  Marine  
  65  6:35  SCV x2  
  65  6:36  Siege Tank  
  73  6:42  Orbital Command  
  74  6:47  SCV x2  
  74  6:50  Marine x4  
  74  6:51  Supply Depot  
  79  7:04  Command Center  
  79  7:09  Thor  
  79  7:13  Command Center  
  79  7:14  SCV x4  
  88  7:34  SCV  
  88  7:35  SCV x3  
  92  7:47  SCV x4  
  96  7:51  Command Center  
  96  7:52  Siege Tank  
  99  7:59  SCV  
  99  8:04  SCV x3  
  103  8:07  Command Center  
  103  8:09  Command Center  
  103  8:11  SCV  
  104  8:16  SCV x2  
  106  8:21  Terran Infantry Weapons Level 2  
  106  8:24  Siege Tank  
  106  8:27  Engineering Bay  
  109  8:28  SCV  
  109  8:29  SCV  
  109  8:31  Orbital Command  
  111  8:36  Planetary Fortress  
  111  8:42  Refinery  
  111  8:53  Missile Turret  
  111  8:54  Missile Turret  
  111  8:58  Missile Turret  
  111  9:04  Command Center  
  111  9:08  Refinery  
  111  9:11  Planetary Fortress  
  111  9:16  Command Center  
  111  9:19  Command Center  
  111  9:29  SCV x4  
  115  9:31  Marine  
  115  9:32  Marine x4  
  120  9:42  Barracks  
  118  9:46  Barracks x2  
  118  9:49  Siege Tank, Marine x2  
  118  9:50  Barracks, Marine x3  
  126  9:55  Planetary Fortress  
  112  10:07  Marine x4  
  116  10:21  Siege Tank  
  119  10:27  Marine  
  119  10:28  Marine x5  
  122  10:45  Marine x2  
  122  10:46  Planetary Fortress, Marine  
  122  10:47  Planetary Fortress  
  122  10:53  Siege Tank  
  106  11:02  Marine  
  106  11:03  Marine x4  
  72  11:20  Hi-Sec Auto Tracking, Marine  
  72  11:21  Neosteel Armor, Marine x4  
  72  11:38  Marine  
  72  11:39  Marine x4  
  76  11:56  Marine x2  
  76  11:57  Marine x3  
  81  12:06  Factory  
  81  12:07  Factory x2  
  81  12:08  Factory  
  81  12:14  Marine x3, Factory  
  81  12:15  Marine x2  
  86  12:20  Siege Tank  
  89  12:31  Marine  
  89  12:32  Marine x4  
  94  12:37  Command Center  
  94  12:39  Command Center  
  94  12:42  Command Center  
  93  12:49  Marine  
  66  12:51  Factory  
  66  12:52  Siege Tank  
  41  13:19  SCV  
  42  13:20  SCV  
  42  13:22  Marine x3  
  42  13:26  Widow Mine x2  
  54  13:27  Widow Mine x4  
  58  13:40  Marine x3  
  54  13:47  Widow Mine  
  54  13:48  Widow Mine x4  
  55  13:49  Widow Mine  
Tags
 
Add a new tag
Caveats
  • Supply blocks, unpowered buildings, or Contaminate may cause inaccurate times.
  • Supply counts are checked every 10 seconds.